Map: Frost LE

Players

Rider

  • Race: Protoss Protoss
  • League: Platinum

SPARKEATER - Winner!

  • Race: Terran Terran
  • League: Platinum

VOD

Have the link to the VOD?

Description

Time

  • Played on: July 13, 2016, 6:28 p.m.
  • Length: 2:51
Show
View Real Time Build Order
Export as new Build Order

Rider Protoss 

Build Orders:  

Get SALT Encoding   

  12  0:00  Probe (Chrono Boost)  
  13  0:13  Pylon  
  13  0:17  Probe (Chrono Boost)  
  14  0:27  Probe (Chrono Boost)  
  15  0:35  Gateway  
  15  0:40  Probe (Chrono Boost)  
  16  0:52  Assimilator, Probe (Chrono Boost)  
  17  1:03  Probe (Chrono Boost)  
  18  1:06  Pylon  
  18  1:13  Probe (Chrono Boost)  
  19  1:22  Cybernetics Core  
  19  1:24  Probe (Chrono Boost)  
  20  1:33  Gateway  
  20  1:45  Probe (Chrono Boost)  
  21  1:47  Assimilator  
  20  2:00  Probe (Chrono Boost)  
  21  2:02  Stalker  
Show
View Real Time Build Order
Export as new Build Order

SPARKEATER Terran - Winner!

Build Orders:  

Get SALT Encoding   

  12  0:00  SCV  
  13  0:13  SCV  
  14  0:18  Supply Depot  
  14  0:25  SCV  
  15  0:39  SCV  
  15  0:40  Barracks  
  16  0:45  Refinery  
  16  0:51  SCV  
  17  1:04  SCV  
  18  1:16  SCV  
  19  1:28  SCV, Marine  
  21  1:40  Orbital Command  
  21  1:46  Marine  
  22  1:57  Factory  
  22  2:03  Supply Depot  
  22  2:04  Marine  
  23  2:23  Command Center  
  23  2:24  SCV, Marine  
  23  2:27  Supply Depot  
  25  2:36  SCV  
  26  2:41  Starport  
Tags
 
Add a new tag
Caveats
  • Supply blocks, unpowered buildings, or Contaminate may cause inaccurate times.
  • Supply counts are checked every 10 seconds.